 Dungeon Crawl Stone Soup version 0.31-a0-931-g7b59d4eb97 (webtiles) character file.

Game seed: 8315227251006879839

35438 Getoffmy the Carver (level 13, -2/109 HPs)
             Began as an Armataur Fighter on Oct 19, 2023.
             Was a High Priest of Hepliaklqana.
             Slain by a 19-headed hydra (4 damage)
             ... on level 4 of the Lair of Beasts.
             The game lasted 00:43:09 (17931 turns).

Getoffmy the Carver (Armataur Fighter)             Turns: 17931, Time: 00:43:09

Health: -2/109     AC: 36    Str: 32    XL:     13   Next: 47%
Magic:  19/19      EV:  2    Int:  8    God:    Hepliaklqana [*****.]
Gold:   560        SH: 17    Dex: 11    Spells: 12/12 levels left

rFire   + . .        a - +3 long sword (freeze)
rCold   + . .        w - +4 tower shield {AC+3}
rNeg    + . .        V - +3 plate armour
rPois   +            N - -2 hat of the Alchemist {rElec rPois rF+ rC+ rN+ Will+ rMut rCorr}
rElec   +            y - +2 cloak {rPois}
rCorr   +            j - +2 pair of gloves
SInv    .            B - +1 barding
Will    +....        F - amulet of faith Stlth
                     P - +4 ring of protection
HPRegen 0.38/turn    t - +6 ring of strength
MPRegen 0.16/turn

%: resist mutation, roll, faith
@: no status effects
A: reduced essence, large, rugged brown scales 3, deformed body, armoured tail,
roll, long tongue, awkward tongue
a: Renounce Religion, Recall Ancestor, Ancestor Identity, Transference, Idealise


You were on level 4 of the Lair of Beasts.
You worshipped Hepliaklqana.
Hepliaklqana was extremely pleased with you.
You visited 3 branches of the dungeon, and saw 15 of its levels.
You also visited: Ossuary, Bailey and Gauntlet.

You collected 949 gold pieces.
You spent 389 gold pieces at shops.

Inventory:

Hand Weapons
 a - a +3 long sword of freezing (weapon)
Missiles
 h - 186 stones
 k - 2 curare-tipped darts
 v - 45 poisoned darts (quivered)
 D - 8 javelins
 Q - 5 darts of dispersal
Armour
 j - a +2 pair of gloves (worn)
 o - the +0 helmet of Analysis {rF+ rCorr Int+2 Stlth-}
   (You found it in a Gauntlet)

   Int+2:     It affects your intelligence (+2).
   rF+:       It protects you from fire.
   rCorr:     It protects you from acid and corrosion.
   Stlth-:    It makes you less stealthy.
 w - a +4 tower shield of protection (worn)
 y - a +2 cloak of poison resistance (worn)
 B - a +1 barding (worn)
 M - the +0 cloak "Xurik" {rElec Regen+}
   (You found it on level 8 of the Dungeon)

   rElec:     It insulates you from electricity.
   Regen+:    It increases your rate of health regeneration.
 N - the -2 hat of the Alchemist (worn) {rElec rPois rF+ rC+ rN+ Will+ rMut rCorr}
   (You found it in a Gauntlet)

   rF+:       It protects you from fire.
   rC+:       It protects you from cold.
   rElec:     It insulates you from electricity.
   rPois:     It protects you from poison rN+: It protects you from negative
   energy.
   Will+:     It increases your willpower.
   rCorr:     It protects you from acid and corrosion.
   rMut:      It protects you from mutation.
 V - a +3 plate armour (worn)
Jewellery
 l - an amulet of guardian spirit
 n - a ring of poison resistance
 q - a ring of positive energy
 t - a +6 ring of strength (right hand)
 F - an amulet of faith (around neck)
 I - a ring of positive energy
 P - a +4 ring of protection (left hand)
Wands
 r - a wand of flame (5)
 O - a wand of roots (6)
 T - a wand of mindburst (9)
Scrolls
 b - 2 scrolls of torment
 c - a scroll of silence {unknown}
 d - 4 scrolls of fear
 m - 8 scrolls of teleportation
 s - a scroll of revelation
 x - 10 scrolls of noise
 A - 4 scrolls of immolation
 L - 3 scrolls of amnesia
 S - 2 scrolls of fog
Potions
 e - 4 potions of lignification
 f - 4 potions of brilliance
 g - 2 potions of attraction
 i - 3 potions of heal wounds
 p - a potion of haste
 u - 4 potions of ambrosia
 z - 4 potions of cancellation
 C - 10 potions of mutation
 E - a potion of enlightenment
 G - 2 potions of curing
 H - 4 potions of magic
 J - 3 potions of resistance
 W - a potion of berserk rage


   Skills:
 + Level 10.2 Fighting
 * Level 13.8 Long Blades
 + Level 13.1 Armour
 + Level 6.8 Shields
 - Level 9.0 Invocations


You had 12 spell levels left.
You didn't know any spells.
Your spell library contained the following spells:

 Spells                   Type           Power      Damage    Failure   Level
 Necrotise                Necr           0%         1d4       100%        1
 Sting                    Tmut/Pois      0%         1d3       100%        1
 Blink                    Tloc           0%         N/A       100%        2
 Cigotuvi's Dreadful Rot  Necr/Pois/Air  0%         N/A       100%        2
 Lesser Beckoning         Tloc           0%         N/A       100%        2
 Momentum Strike          Conj/Tloc      0%         3d8       100%        2
 Vampiric Draining        Necr           0%         2d6       100%        3
 Manifold Assault         Tloc           0%         N/A       100%        4
 Agony                    Necr           0%         N/A       100%        5
 Silence                  Hex/Air        0%         N/A       100%        5
 Conjure Ball Lightning   Conj/Air       0%         3x3d6     100%        6


Dungeon Overview and Level Annotations

Branches:
Dungeon (10/15)            Temple (1/1) D:4            Lair (4/5) D:10
  Swamp (0/4) Lair:3       Spider (0/4) Lair:3        Slime (0/5) Lair:4
    Orc (0/2) D:10        Ossuary (visited)          Bailey (visited)
Gauntlet (visited)

Altars:
Ashenzari
Cheibriados
Dithmenos
Elyvilon
Fedhas
Gozag
Hepliaklqana
Kikubaaqudgha
Makhleb
Nemelex Xobeh
Okawaru
Qazlal
Ru
Sif Muna
Trog
Uskayaw
Vehumet
Wu Jian
Xom
Yredelemnul
Zin
The Shining One

Shops:
D:3 ?

Annotations:
Lair:2 exclusion: 3 oklob plants


Innate Abilities, Weirdness & Mutations

Your life essence is reduced to manifest your ancestor. (-10% HP)
You are completely covered in rugged brown scales. (AC +3, +7% HP)
Armour fits poorly on your strangely shaped body.
You have a long armoured tail.
You roll when moving toward enemies. (Rampage)
Your long tongue fully drains potion bottles. (2x potion effects)
Your tongue gives you trouble enunciating. (1.5x scroll delay)


Message History

* * * LOW HITPOINT WARNING * * *
The 18-headed hydra bites you but does no damage.
The 18-headed hydra bites you.
* * * LOW HITPOINT WARNING * * *
The 18-headed hydra bites you.
* * * LOW HITPOINT WARNING * * *
The 18-headed hydra bites you but does no damage. x2
The 18-headed hydra completely misses you.
The 18-headed hydra bites you but does no damage. x2
You barely miss the 18-headed hydra.
The 18-headed hydra is severely wounded.
The 18-headed hydra bites you but does no damage.
The 18-headed hydra barely misses you.
The 18-headed hydra bites you but does no damage.
The 18-headed hydra bites you.
* * * LOW HITPOINT WARNING * * *
The 18-headed hydra barely misses you.
The 18-headed hydra bites you but does no damage.
The 18-headed hydra barely misses you. You block the 18-headed hydra's attack.
The 18-headed hydra bites you but does no damage.
You block the 18-headed hydra's attack. x2
The 18-headed hydra barely misses you.
The 18-headed hydra bites you but does no damage.
The 18-headed hydra bites you.
* * * LOW HITPOINT WARNING * * *
The 18-headed hydra bites you!
* * * LOW HITPOINT WARNING * * *
The 18-headed hydra bites you but does no damage. x2
The 18-headed hydra barely misses you.
You slice one of the 18-headed hydra's heads off!
The 17-headed hydra grows two more!
You hit the 19-headed hydra.
The 19-headed hydra seems to slow down.
You freeze the 19-headed hydra.
The 19-headed hydra is severely wounded.
Unknown command.
You barely miss the 19-headed hydra.
The 19-headed hydra is severely wounded.
You block the 19-headed hydra's attack.
The 19-headed hydra bites you but does no damage. x3
You block the 19-headed hydra's attack. The 19-headed hydra bites you.
You die...

##............##.P##
#...##....##......#
##.###...###.....##
## #.###...###.....#
#. #..............##
## #...............#
#. #####.....÷....##
##. ###.##.D.÷.# #..
######@.P# #P#
#**##..# ###
##.###..## #
**##........# ##
*,..........# #.
*,#........## ## ***
**##.###....##### #
*,* #*.#......#..#
## ,**
***#...#.#....## ##.


You could see a 19-headed hydra (slow, drained).

Vanquished Creatures
  A minotaur (Gauntlet)
  Erolcha (D:10)
  Erica (Lair:1)
  A two-headed ogre (D:8)
  A thrashing horror (Gauntlet)
  6 death yaks (Lair:2)
  A fire crab (Gauntlet)
  2 skysharks
  The ghost of soul19 the Cudgeller, a novice DsFi of Okawaru (D:5)
  A lindwurm (Lair:3)
  5 elephants (Lair:4)
  2 black mambas (Lair:4)
  4 cane toads
  A kobold demonologist (D:10)
  An ice devil (Gauntlet)
  3 komodo dragons
  A troll (D:6)
  A polar bear (Lair:3)
  2 hornets
  6 blink frogs
  3 small abominations (Gauntlet)
  2 wyverns
  9 yaks
  2 steam dragons
  A vampire (D:10)
  2 fire bats (Gauntlet)
  2 basilisks
  Edmund (D:4)
  2 swamp worms (Lair:3)
  An acid dragon (D:7)
  8 water moccasins
  4 orc warriors
  A sky beast (D:7)
  2 black bears
  A centaur (D:8)
  11 wolves
  4 kobold brigands
  11 bullfrogs
  2 scorpions (D:10)
  6 wights (D:7)
  A hexer (Lair:4)
  An electric eel (Lair:3)
  2 human zombies (Ossuary)
  7 jellies
  2 orc priests
  A hound (D:7)
  Crazy Yiuf (D:3)
  4 gnoll boudas
  3 iguanas
  5 orc wizards
  4 mummies (Ossuary)
  29 gnolls
  7 adders
  A shadow imp (D:8)
  2 white imps
  5 worms
  A dart slug (D:4)
  29 orcs
  4 bats
  7 endoplasms
  2 giant cockroaches (D:1)
  3 gnoll zombies (Ossuary)
  8 goblins
  5 hobgoblins
  4 quokkas
  10 ball pythons
  3 frilled lizards
  2 hobgoblin zombies (Ossuary)
  29 kobolds
  An orc zombie (Ossuary)
  7 rats
307 creatures vanquished.

Vanquished Creatures (collateral kills)
  A hydra (Lair:2)
  3 boulder beetles
  A thrashing horror (Gauntlet)
  A bog body (Lair:3)
  A black mamba (Lair:1)
  5 elephants (Lair:4)
  3 cane toads
  A rime drake (Lair:1)
  A komodo dragon (Lair:1)
  3 blink frogs (Lair:3)
  A wyvern (D:10)
  14 yaks
  A shadow (D:9)
  A redback (Lair:3)
  A steam dragon (Lair:2)
  7 water moccasins
  An orc warrior (D:9)
  A centaur (D:8)
  A wolf (Lair:2)
  A kobold brigand (D:8)
  6 bullfrogs
  A wight (D:7)
  An orc priest (D:9)
  An orc wizard (D:9)
  5 gnolls
  2 white imps
  7 orcs
  A kobold (D:8)
73 creatures vanquished.

Vanquished Creatures (others)
  9 hexers
  2 ancestors (D:7)
11 creatures vanquished.

Grand Total: 391 creatures vanquished

Notes
Turn   | Place    | Note
-------+----------+-------------------------------------------
     0 | D:1      | Getoffmy the Armataur Fighter began the quest for the Orb.
     0 | D:1      | Reached XP level 1. HP: 19/19 MP: 1/1
   292 | D:1      | Reached XP level 2. HP: 26/26 MP: 2/2
   992 | D:2      | Reached XP level 3. HP: 32/33 MP: 1/3
  1813 | D:3      | Reached XP level 4. HP: 32/40 MP: 4/4
  1939 | D:3      | Found Kezerudo's Magic Scroll Shop.
  1947 | D:3      | Bought a scroll of identify for 26 gold pieces
  1947 | D:3      | Bought a scroll of teleportation for 39 gold pieces
  2333 | D:3      | Found a runed translucent door.
  2334 | D:3      | Noticed Crazy Yiuf
  2874 | D:3      | Killed Crazy Yiuf
  2875 | D:3      | Reached XP level 5. HP: 43/48 MP: 3/5
  3319 | D:4      | Noticed Edmund
  3340 | D:4      | Killed Edmund
  3341 | D:4      | Reached XP level 6. HP: 31/55 MP: 2/6
  3350 | D:4      | Found a sand-covered staircase.
  3377 | Ossuary  | Entered an ossuary
  3473 | Ossuary  | Reached skill level 5 in Armour
  3826 | D:4      | Found a sacrificial altar of Ru.
  3855 | D:4      | Identified the +1 hand axe of Revolt {venom, Int+3}
  3965 | D:4      | Found a staircase to the Ecumenical Temple.
  4011 | Temple   | Entered the Ecumenical Temple
  4019 | Temple   | Became a worshipper of Hepliaklqana the Forgotten
  4368 | D:5      | Entered Level 5 of the Dungeon
  4635 | D:5      | Found an ornate altar of the Wu Jian Council.
  4678 | D:5      | Reached * piety under Hepliaklqana
  4940 | D:5      | Reached XP level 7. HP: 57/57 MP: 7/7
  4995 | D:5      | Found a runed translucent door.
  4996 | D:5      | Noticed soul19's ghost (novice DsFi)
  5126 | D:5      | Found a shimmering altar of Xom.
  5126 | D:5      | Found a hide-covered altar of Uskayaw.
  5127 | D:5      | Found an iron altar of Okawaru.
  5289 | D:5      | Killed soul19's ghost
  5290 | D:5      | Reached skill level 5 in Long Blades
  5325 | D:6      | Noticed a troll
  5341 | D:6      | Killed a troll
  5342 | D:6      | Reached XP level 8. HP: 26/64 MP: 2/10
  5975 | D:6      | Reached skill level 5 in Fighting
  6834 | D:7      | Reached XP level 9. HP: 37/70 MP: 8/11
  6870 | D:7      | Found a flagged portal.
  6939 | Bailey   | Entered a bailey
  7719 | D:7      | Reached ** piety under Hepliaklqana
  7720 | D:7      | Remembered your ancestor Eugene as a hexer
  8091 | D:7      | Noticed a boulder beetle
  8107 | D:7      | Killed a boulder beetle
  8108 | D:7      | Reached skill level 5 in Invocations
  8215 | D:7      | Noticed a boulder beetle
  8237 | D:7      | Killed a boulder beetle
  8238 | D:7      | Reached XP level 10. HP: 56/81 MP: 12/14
  8539 | D:7      | Found a shimmering blue altar of Sif Muna.
  8620 | D:8      | Noticed a two-headed ogre
  8694 | D:8      | Killed a two-headed ogre
  8821 | D:8      | Identified the +0 cloak "Xurik" {rElec Regen+}
  9157 | D:8      | Reached *** piety under Hepliaklqana
  9398 | D:9      | Found an ancient bone altar of Kikubaaqudgha.
 10280 | D:10     | Entered Level 10 of the Dungeon
 10466 | D:3      | Bought a scroll of identify for 26 gold pieces
 10466 | D:3      | Bought a scroll of enchant armour for 97 gold pieces
 10466 | D:3      | Bought a scroll of fog for 52 gold pieces
 10466 | D:3      | Bought a scroll of enchant weapon for 97 gold pieces
 10466 | D:3      | Bought a scroll of fear for 52 gold pieces
 10675 | D:10     | Found a staircase to the Lair.
 10689 | D:10     | Reached skill level 10 in Long Blades
 10853 | D:10     | Reached XP level 11. HP: 89/89 MP: 16/16
 10900 | D:10     | Reached **** piety under Hepliaklqana
 10918 | D:10     | Found a staircase to the Orcish Mines.
 11051 | D:10     | Found the +0 toga "Victory" {*Victory Clar}
 11175 | D:10     | Noticed Erolcha
 11192 | D:10     | Killed Erolcha
 11193 | D:10     | Reached skill level 10 in Armour
 11406 | D:10     | Found a glowing golden altar of the Shining One.
 11456 | Lair:1   | Entered Level 1 of the Lair of Beasts
 11711 | Lair:1   | Noticed Erica
 11730 | Lair:1   | Killed Erica
 12153 | Lair:1   | Reached ***** piety under Hepliaklqana
 12695 | Lair:2   | Noticed an oklob plant
 12699 | Lair:2   | Noticed an oklob plant
 12706 | Lair:2   | Noticed an oklob plant
 13126 | Lair:2   | Noticed a death yak
 13126 | Lair:2   | Noticed a death yak
 13127 | Lair:2   | Noticed a death yak
 13127 | Lair:2   | Noticed a death yak
 13127 | Lair:2   | Noticed a death yak
 13129 | Lair:2   | Noticed a death yak
 13147 | Lair:2   | Killed a death yak
 13152 | Lair:2   | Killed a death yak
 13154 | Lair:2   | Killed a death yak
 13170 | Lair:2   | Reached XP level 12. HP: 36/99 MP: 18/18
 13176 | Lair:2   | Killed a death yak
 13181 | Lair:2   | Killed a death yak
 13186 | Lair:2   | Killed a death yak
 13443 | Lair:2   | Identified the +1 ring mail of the Garden {Str+4}
 13446 | Lair:2   | Noticed a five-headed hydra
 13457 | Lair:2   | Killed a ten-headed hydra
 14747 | Lair:3   | Found a hole to the Spider Nest.
 15051 | Lair:3   | Reached skill level 5 in Shields
 15416 | Lair:3   | Found a staircase to the Swamp.
 15504 | Gauntlet | Identified the of Yffat
 15504 | Lair:4   | Found a gate leading to a gauntlet.
 15514 | Gauntlet | Entered a Gauntlet
 15514 | Gauntlet | Found a transporter.
 15514 | Gauntlet | Found a transporter.
 15514 | Gauntlet | Found a transporter.
 15527 | Gauntlet | Found a transporter.
 15530 | Gauntlet | Found a transporter.
 15530 | Gauntlet | Found a transporter.
 15542 | Gauntlet | Found a transporter.
 15544 | Gauntlet | Found a transporter.
 15554 | Gauntlet | Found a transporter.
 15554 | Gauntlet | Found the -2 hat of the Alchemist {rElec rPois rF+ rC+ rN+
                  | Will+ rMut rCorr}
 15556 | Gauntlet | Noticed an entropy weaver
 15654 | Gauntlet | Found a transporter.
 15658 | Gauntlet | Found a transporter.
 15668 | Gauntlet | Found a transporter.
 16093 | Gauntlet | Reached XP level 13. HP: 61/108 MP: 19/19
 16492 | Gauntlet | Noticed a minotaur
 16508 | Gauntlet | Killed a minotaur
 16521 | Gauntlet | Identified the +0 helmet of Analysis {rF+ rCorr Int+2
                  | Stlth-}
 16525 | Gauntlet | Identified the +0 leather armour of Fanaticism {rElec}
 16975 | Lair:4   | Reached skill level 10 in Fighting
 17106 | Lair:4   | Upgraded the game from 0.31-a0-925-g0a390f2509 to
                  | 0.31-a0-931-g7b59d4eb97
 17699 | Lair:4   | Found a staircase to the Slime Pits.
 17929 | Lair:4   | HP: 1/109 [18-headed hydra (9)]
 17931 | Lair:4   | Slain by a 19-headed hydra

Illustrated notes

Levels and vault maps discovered:
D:1:      nicolae_arrival_washed_ashore, layout_basic, minmay_tetromino_l2
D:2:      layout_rooms
D:3:      layout_basic, serial_shops, nicolae_shop_pleasant_corner_grove,
          uniq_crazy_yiuf_cottage
D:4:      layout_rooms, nicolae_ru_sacrificial_ziggurat,
          minmay_temple_entry_grid, mainiacjoe_ossuary_entry_dusty_tomb,
          minmay_misc_feat_nine_boxes, uniq_edmund
D:5:      layout_cave_pods, gammafunk_temple_overflow_claw,
          mainiacjoe_overflow_catwalk, gammafunk_ghost_grave
D:6:      layout_loops_ring, hangedman_decor_lopped
D:7:      layout_cave_pools, kennysheep_little_box, enter_bailey_8,
          nicolae_concentric_dashed_squares_mild, minmay_three_doors
D:8:      layout_rooms
D:9:      layout_basic, mainiacjoe_overflow_concentric_impassable,
          glass_columns_c
D:10:     layout_loops_ring, lemuel_coloured_pillars_altar,
          due_lair_maze_entry_diamond, uniq_erolcha
Temple:   nicolae_temple_ecumenical_triangle
Lair:1:   layout_regular_city, grunt_megastairs_4, uniq_erica
Lair:2:   minmay_lair_oklob_tunnel, layout_chaotic_city,
          infiniplex_staircase_pool
Lair:3:   layout_chaotic_city, nicolae_swamp_entry_splash_gauntlet,
          spider_nest_entry_webs, infiniplex_staircase_pool_2
Lair:4:   layout_cave_pods, minmay_slime_entry_pillars, gauntlet_entry_generic,
          amcnicky_mini_pool_medium

Skill      XL: |  1  2  3  4  5  6  7  8  9 10 11 12 13 |
---------------+----------------------------------------+-----
Long Blades    | 2 3 4 5 7 8 10 11 13 | 13.8
Fighting       | 3 4 5 6 7 8 9 10 | 10.2
Armour         | 4 5 6 7 8 9 11 12 13 | 13.1
Shields        | 4 5 6 |  6.8
Invocations    | 2 3 5 6 8 9 |  9.0

Action                     |  1- 3 |  4- 6 |  7- 9 | 10-12 | 13-15 || total
---------------------------+-------+-------+-------+-------+-------++-------
  Melee: Long sword        |   143 |   208 |   362 |   649 |   203 ||  1565
         Tailslap          |    14 |    30 |    59 |   106 |    57 ||   266
  Throw: Dart              |       |     7 |       |       |       ||     7
 Invoke: Ancestor Identity |       |     1 |       |       |       ||     1
         Recall Ancestor   |       |       |     2 |     2 |       ||     4
         Ancestor Life: He |       |       |     1 |       |       ||     1
  Evoke: Wand              |       |       |       |       |     1 ||     1
    Use: Potion            |       |     2 |     7 |     4 |     3 ||    16
         Scroll            |       |    16 |     1 |    15 |     3 ||    35
   Stab: Distracted        |     1 |       |     1 |     9 |     2 ||    13
         Confused          |       |       |     2 |     8 |     3 ||    13
 Armour: Scale mail        |    96 |   129 |   220 |       |       ||   445
         Plate armour      |       |       |    95 |   686 |   345 ||  1126
  Dodge: Dodged            |    47 |    48 |    87 |    86 |    34 ||   302
  Block: Buckler           |    38 |    30 |    71 |   109 |     3 ||   251
         Tower shield      |       |       |       |       |   217 ||   217

Table legend: (Time is in decaauts)
 A = Elapsed time spent in this place.
 B = Non-inter-level travel time spent in this place.
 C = Inter-level travel time spent in this place.
 D = Time resting spent in this place.
 E = Time spent auto-exploring this place.
 F = Levels seen in this place.
 G = Mean time per level.
                   A        B        C        D        E       F      G
               +--------+--------+--------+--------+--------+-----+--------+
         Total |  17912 |  17052 |    860 |   4252 |   9082 |  18 |  995.1 |
       Dungeon |  10669 |   9904 |    765 |   1553 |   6160 |  10 | 1066.9 |
        Temple |     13 |      9 |      4 |      0 |      0 |   1 |   13.0 |
          Lair |   5090 |   4999 |     91 |   1675 |   2510 |   4 | 1272.5 |
       Ossuary |    445 |    445 |      0 |    129 |    137 |   1 |  445.0 |
        Bailey |    436 |    436 |      0 |     97 |    105 |   1 |  436.0 |
      Gauntlet |   1256 |   1256 |      0 |    797 |    170 |   1 | 1256.0 |
               +--------+--------+--------+--------+--------+-----+--------+

Top non-repeatable levels by time:
  Lair:2: 1644 daAuts
     D:3: 1476 daAuts
     D:7: 1466 daAuts
     D:5: 1340 daAuts
Gauntlet: 1256 daAuts
  Lair:3: 1227 daAuts
     D:9: 1151 daAuts
     D:6: 1127 daAuts
  Lair:4: 1121 daAuts
  Lair:1: 1097 daAuts
     D:1: 993 daAuts
     D:4: 960 daAuts
    D:10: 883 daAuts
     D:2: 677 daAuts
     D:8: 591 daAuts
